 Dungeon Crawl Stone Soup version 0.26-a0-771-g060e6a62af (webtiles) character file.

Game seed: 17530196320831466293

359 runemasterragnar the Conjurer (level 6, -5/47 HPs)
             Began as a Draconian Conjurer on Nov 9, 2020.
             Slain by a thrashing horror (9 damage)
             ... on level 1 of the Abyss.
             The game lasted 00:10:30 (5066 turns).

runemasterragnar the Conjurer (Draconian Conjurer)  Turns: 5066, Time: 00:10:31

Health: -5/47      AC:  8    Str: 10      XL:     6   Next: 37%
Magic:  10/10      EV: 11    Int: 20      God:
Gold:   347        SH:  0    Dex:  3 (9)  Spells: 2/10 levels left

rFire    . . .     SeeInvis .   e - +4 dagger (drain)
rCold    . . .     Faith    .   (no shield)
rNeg     + . .     Spirit   .   (armour unavailable)
rPois    +         Reflect  .   (helmet restricted)
rElec    .         Harm     .   (no cloak)
rCorr    .         Rampage  .   m - +1 pair of gloves
MR       .....                  (no boots)
Stlth    ++........             (no amulet)
HPRegen  0.15/turn              n - ring of poison resistance
MPRegen  0.12/turn              r - ring of positive energy

@: flying
A: unfitting armour, cold-blooded, AC +6
a: no special abilities


You were on level 1 of the Abyss.
You visited 1 branch of the dungeon, and saw 6 of its levels.
You visited the Abyss 1 time.

You collected 347 gold pieces.

Inventory:

Hand Weapons
 b - a +1 club
 e - a +4 dagger of draining (weapon)
 o - a +0 short sword of flaming
 t - the +5 hand axe of Undoing {holy, *Noise rN++ Int+2, unknown}
   (You found it on level 5 of the Dungeon)

   It has been blessed by the Shining One to cause great damage to the undead
   and demons.
   It affects your intelligence (+2).
   It greatly protects you from negative energy.
   It may make noises in combat.
Armour
 m - a +1 pair of gloves (worn)
Jewellery
 n - a ring of poison resistance (left hand)
 r - a ring of positive energy (right hand)
Scrolls
 d - 4 scrolls of teleportation
 f - a scroll of blinking
 g - 2 scrolls of magic mapping
 h - 3 scrolls of remove curse
 q - a scroll of enchant armour
 x - a scroll of identify
Potions
 a - 3 potions of invisibility
 c - 2 potions of curing
 i - a potion of cancellation
 k - 4 potions of might
 l - 2 potions of attraction
 p - 2 potions of brilliance
 w - a potion of resistance


   Skills:
 - Level 1.1 Fighting
 - Level 2.1 Dodging
 + Level 3.1 Stealth
 + Level 2.9 Spellcasting
 * Level 5.4 Conjurations
 * Level 2.4 Hexes
 * Level 1.5 Translocations


You had 2 spell levels left.
You knew the following spells:

 Your Spells              Type           Power        Failure   Level
a - Magic Dart            Conj           ###.         1%          1
b - Dazzling Flash        Conj/Hex       ###...       9%          3
c - Iskenderun's Mystic   Conj/Tloc      ###.....     34%         4

Your spell library contained the following spells:

 Spells                   Type           Power        Failure   Level
 Searing Ray              Conj           ###...       2%          2
 Fulminant Prism          Conj/Hex       ###.......   28%         4


Dungeon Overview and Level Annotations

Branches:
Dungeon (6/15)
 Temple: D:4-7

Altars:
Dithmenos
Elyvilon


Innate Abilities, Weirdness & Mutations

Your plain brown scales are hard. (AC +6)
You cannot fit into any form of body armour.
You are cold-blooded and may be slowed by cold attacks.


Message History

Unknown command.
It was a potion of magic.
Magic courses through your body. The thrashing horror tramples you.
* * * LOW HITPOINT WARNING * * *
You stumble backwards!
It was a potion of flight.
You feel very buoyant.
You fly up into the air.
The thrashing horror roars!
The thrashing horror barely misses you.
The thrashing horror tramples you but does no damage.
The thrashing horror tramples you.
* * * LOW HITPOINT WARNING * * *
You hold your ground!
The thrashing horror tramples you.
* * * LOW HITPOINT WARNING * * *
You hold your ground!
Okay, then.
Okay, then.
The thrashing horror tramples you!
You die...

..## .. # ##.# .
#.## ##.. #..#
##.>## ###
####.##.###
##.###.....##.X##
#..#..##.##.###@#
###...####.#......#
#.#..#.# .#.#...#..
#...#. ..
#.#....#..# # ##
###..###..... ## #
...##### .#.# #...
...


You could see a thrashing horror.

Vanquished Creatures
  A quasit (D:5)
  An orc priest (D:4)
  Jessica (D:2)
  3 orc wizards
  A worker ant (D:4)
  3 adders
  A shadow imp (D:5)
  An ooze (D:2)
  An adder skeleton (D:5)
  3 worms
  2 dart slugs
  2 leopard geckos
  15 orcs
  5 bats
  6 giant cockroaches
  6 goblins
  9 hobgoblins
  8 jackals
  4 kobolds
  4 quokkas
  2 ball pythons
  9 frilled lizards
  A quokka skeleton (D:6)
  12 rats
101 creatures vanquished.

Vanquished Creatures (others)
  4 plants (D:5)
4 creatures vanquished.

Grand Total: 105 creatures vanquished

Notes
Turn   | Place    | Note
-------+----------+-------------------------------------------
     0 | D:1      | runemasterragnar the Draconian Conjurer began the quest for
                  | the Orb.
     0 | D:1      | Reached XP level 1. HP: 14/14 MP: 3/3
   599 | D:1      | Reached XP level 2. HP: 22/22 MP: 0/5
  1445 | D:2      | Reached XP level 3. HP: 17/27 MP: 1/6
  1539 | D:1      | Reached skill level 1 in Fighting
  1983 | D:2      | Learned a level 3 spell: Dazzling Flash
  2067 | D:2      | Noticed Jessica
  2069 | D:2      | Killed Jessica
  2069 | D:2      | Reached XP level 4. HP: 35/35 MP: 4/7
  2524 | D:2      | Reached skill level 1 in Hexes
  3490 | D:4      | Reached skill level 5 in Conjurations
  3490 | D:4      | Reached XP level 5. HP: 40/40 MP: 8/8
  3513 | D:4      | Learned a level 4 spell: Iskenderun's Mystic Blast
  3817 | D:4      | Reached skill level 1 in Translocations
  4307 | D:5      | Entered Level 5 of the Dungeon
  4321 | D:5      | Reached XP level 6. HP: 36/47 MP: 10/10
  4625 | D:5      | Found a shadowy altar of Dithmenos.
  4654 | D:5      | Found a white marble altar of Elyvilon.
  4672 | D:5      | Got a dazzling hand axe
  4752 | D:5      | Noticed a sky beast
  5010 | D:6      | Cast into level 1 of the Abyss (orc priest)
  5053 | Abyss:1  | Noticed a thrashing horror
  5066 | Abyss:1  | Slain by a thrashing horror

Illustrated notes

Levels and vault maps discovered:
D:1:      dpeg_arrival_oval, layout_basic, minmay_statues_item
D:2:      layout_basic, uniq_jessica
D:3:      layout_loops_ring
D:4:      layout_cave_pools, minivault_25
D:5:      layout_cave_pools, nicolae_dithmenos_shadow_blocks,
          minmay_temple_entry_gardened_gates, basic_altar,
          minmay_misc_feat_rows, minmay_manual_mullet
D:6:      layout_loops_cross, uniq_menkaure
Abyss:1:  base: D:5, bh_abyss_exit_spiral, minivault_11

Skill      XL: |  1  2  3  4  5  6 |
---------------+-------------------+-----
Dodging        | 2 |  2.1
Stealth        | 2 3 |  3.1
Fighting       | 1 |  1.1
Hexes          | 1 2 |  2.4
Conjurations   | 5 |  5.4
Translocations | 1 |  1.5
Spellcasting   | |  2.9

Action                   |  1- 3 |  4- 6 || total
-------------------------+-------+-------++-------
Melee: Unarmed           |    14 |       ||    14
       Club              |    34 |       ||    34
       Tailslap          |     5 |    12 ||    17
       Dagger            |       |   160 ||   160
       Short sword       |       |     8 ||     8
 Cast: Magic Dart        |    54 |    86 ||   140
       Dazzling Flash    |       |     3 ||     3
  Use: Scroll            |     5 |     8 ||    13
       Potion            |       |     5 ||     5
 Stab: Sleeping          |       |     5 ||     5
       Distracted        |       |     1 ||     1
Armor: Skin              |    15 |   102 ||   117
Dodge: Dodged            |    34 |   126 ||   160

Table legend: (Time is in decaauts)
 A = Elapsed time spent in this place.
 B = Non-inter-level travel time spent in this place.
 C = Inter-level travel time spent in this place.
 D = Time resting spent in this place.
 E = Time spent auto-exploring this place.
 F = Levels seen in this place.
 G = Mean time per level.
                   A        B        C        D        E       F      G
               +--------+--------+--------+--------+--------+-----+--------+
         Total |   5062 |   4834 |    228 |   1280 |   2622 |   7 |  723.1 |
       Dungeon |   5006 |   4778 |    228 |   1280 |   2622 |   6 |  834.3 |
         Abyss |     55 |     55 |      0 |      0 |      0 |   1 |   55.0 |
               +--------+--------+--------+--------+--------+-----+--------+

Top non-repeatable levels by time:
     D:1: 1629 daAuts
     D:2: 1139 daAuts
     D:3: 852 daAuts
     D:4: 682 daAuts
     D:5: 498 daAuts
     D:6: 203 daAuts
 Abyss:1: 55 daAuts
